Unix NetHack Version 5.0.0-0 post-release - last build Jun 10 2026 00:39:30 (3ee93aec679c4c4259841fe613dc97188e26a321,branch:main).

Game began 2026-06-28 22:25:23, ended 2026-06-28 23:01:11.

Ch3Begorrah, chaotic male human Rogue

      --------         ------       -----            ---
      |.......#########|....         ...              .|
      |...>..|        #|...-----------.---------------.|
      |......|        #|...|.(((|....-.-.!((|...|!.@.|.|
      |......|        %|...-.(.(|....|.|.(((|...|[.@.|.|
      |......|        #|...|.(((|....|.|.(((|...|%+!@-.|
      --+-.---        #|...|----------.------|--------.|
          #           #....|!%%|....|....{.............|
          #         ###|...|.!%|._..|..........-|-----.|
        # #           #|...|!!%|....|..........|..|..|.|
        ###           #|...|...|....|{.........|..|..|.|
          #            |...---|---|--..........-----|-.|
       ---|----        |...............................|
       |.......        |...-----|-|-----....-----|----.|
       |<.....|        |...|..|..|..|..|....-..|..|..-.|
       |......|        |...-..|..|..|..-....|..|..|..|.|
       --------        ---------------------------------

Ch3Begorrah the Rogue   St:12 Dx:18 Co:14 In:8 Wi:15 Ch:13  Chaotic
Dlvl:6  $:0  HP:0(42) Pw:15(15) AC:-1 Xp:6 T:1684  Strngl

Latest messages:
 You finish your dressing maneuver.
 There are several objects here.
 What do you want to drop? [$c-iknqstw-yACDFH-LNQZ or ?*] s
 You drop 2 eggs.
 Wonotobo offers 9 gold pieces for your eggs.  Sell them? [ynaq] (n) y
 You sold 2 eggs for 9 gold pieces.
 You see here a triangular amulet (for sale, 150 zorkmids).
 "For you, esteemed sir; only 150 zorkmids for this triangular amulet."
 R - a triangular amulet (unpaid, 150 zorkmids).
 What do you want to put on? [hFR or ?*] R
 R - an amulet of strangulation (being worn) (unpaid, 150 zorkmids).
 It constricts your throat!
 You can't.  It is cursed.
 What do you want to read? [ky or ?*] ?
 As you read the scroll, it disappears.
 Your hard hat glows silver for a moment.
 You see no objects here.
 What do you want to use or apply? [efntxAFH-KN or ?*] x
 Some food spills out.
 Z - a food ration (4 in total).
 You find it hard to breathe.
 You see here a pink spellbook (for sale, 600 zorkmids).
 You're gasping for air.
 In what direction? n
 You throw 2 daggers.
 The 1st dagger hits Wonotobo.
 Wonotobo gets angry!
 "Halt!  You're under arrest!"
 The guard gets angry!
 The 2nd dagger hits Wonotobo.
 Wonotobo zaps a wand called Striking!
 The wand misses you.
 The watchman wields a dagger!
 You can no longer breathe.
 Are you waiting to get hit?  Use 'm' prefix to force a no-op (to rest).
 You can't.  It is cursed.
 Are you waiting to get hit?  Use 'm' prefix to force a no-op (to rest).
 Wonotobo zaps a wand called Striking!
 The wand misses you.
 The watchman thrusts his dagger.
 The watchman hits!
 You're turning blue.
 Wonotobo zaps a wand called Striking!
 The wand misses you.
 The watchman thrusts his dagger.
 The watchman hits!
 You have a little trouble lifting a pink spellbook.  Continue? [ynq] (q) q
 You suffocate.
 Wonotobo takes all your possessions.
 Do you want to see what you had when you died? [ynq] (y) q

Inventory:
 Amulets  ('"')
  R - a cursed amulet of strangulation (being worn)
 Weapons  (')')
  C - a +0 dagger (weapon in right hand)
  L - 8 +0 daggers (at the ready)
 Armor    ('[')
  D - an uncursed +1 dwarvish iron helm (being worn)
  q - an uncursed +0 pair of iron shoes (being worn)
  Q - an uncursed +0 pair of water walking boots
  w - an uncursed +0 shield of reflection (being worn)
  g - an uncursed +0 elven cloak (being worn)
  c - a blessed +1 leather armor (being worn)
 Comestibles  ('%')
  Z - 4 uncursed food rations
  i - an uncursed lembas wafer
 Scrolls  ('?')
  y - an uncursed scroll of enchant weapon
 Potions  ('!')
  d - 2 uncursed potions of sickness
 Rings    ('=')
  h - an uncursed ring of teleport control
 Wands    ('/')
  K - a wand of digging (0:5)
  A - a wand of magic missile (0:1)
  H - a wand of striking (0:5)
 Tools    ('(')
  f - an empty uncursed sack
  x - a horn of plenty (0:8)
  F - an uncursed blindfold
  e - an uncursed lock pick named E
  I - an uncursed magic lamp
  N - an uncursed magic whistle
  J - an uncursed stethoscope
  n - an uncursed partly used wax candle
  t - an uncursed partly used wax candle

Ch3Begorrah the Rogue's attributes:

Background:
 You were a Rogue, level 6 male human.
 You were chaotic, nominally on a mission for Kos
 who was opposed by Issek (lawful) and Mog (neutral).
 You were right-handed.
 You were in the Gnomish Mines, on level 6.
 You entered the dungeon 1684 turns ago.
 It was nighttime.
 You had 350 experience points, 290 more were needed to attain level 7.

Basics:
 You had 0 out of 42 hit points.
 You had all 15 energy points (spell power).
 Your armor class was -1.
 Your wallet was empty.
 Autopickup was on, but temporarily disabled while inside the shop.

Final Characteristics:
 Your strength was 12 (limit:18/100).
 Your dexterity was 18 (limit:18).
 Your constitution was 14 (limit:18).
 Your intelligence was 8 (limit:18).
 Your wisdom was 15 (limit:18).
 Your charisma was 13 (limit:18).

Final Status:
 You died from strangulation.
 You weren't hungry.
 You were unencumbered.
 You were wielding a dagger.
 You had basic skill with dagger and could have enhanced that.

Final Attributes:
 You were devoutly aligned.
 You were stealthy.
 You were warded.
 You were fast.
 You had reflection.
 You are dead.

Miscellaneous:
 You didn't encounter any bones levels.
 Total elapsed playing time was 35 minutes and 47 seconds.

Major events:
 Turn
    1: Ch3Begorrah the chaotic male human Rogue entered the dungeon
  823: entered the Gnomish Mines
  896: attained the rank of Cutpurse (level 3)
 1437: reached Mine Town
 1552: attained the rank of Rogue (level 6)
 1684: killed by strangulation

You didn't know any spells.

Skills:
 Fighting Skills
   bare handed combat [Unskilled]
   two weapon combat  [Unskilled]
   riding             [Unskilled]
 Weapon Skills
   dagger             [Basic]
   knife              [Unskilled]
   short sword        [Basic]
   broadsword         [Unskilled]
   long sword         [Unskilled]
   two-handed sword   [Unskilled]
   saber              [Unskilled]
   club               [Unskilled]
   mace               [Unskilled]
   morning star       [Unskilled]
   flail              [Unskilled]
   hammer             [Unskilled]
   polearms           [Unskilled]
   spear              [Unskilled]
   crossbow           [Unskilled]
   dart               [Unskilled]
   shuriken           [Unskilled]
 Spellcasting Skills
   divination spells  [Unskilled]
   escape spells      [Unskilled]
   matter spells      [Unskilled]

Voluntary challenges:
 Character rerolling was not enabled.
 You followed a strict vegan diet.
 You were an atheist.
 You never genocided any monsters.
 You never polymorphed an object.
 You never changed form.
 You used no wishes.
Achievements:
 You entered a shop.
 You entered the Gnomish Mines.
 You attained the rank of Cutpurse.
 You entered Minetown.
 You entered a temple.
 You attained the rank of Rogue.

 The Dungeons of Doom: levels 1 to 4
    Level 1:
       A fountain.
    Level 2:
       A general store.
    Level 3:
       A general store, a fountain.
       Stairs down to The Gnomish Mines.
    Level 4:
 The Gnomish Mines: levels 4 to 7
    Level 4:
    Level 5:
    Level 6: <- You were here.
       Many shops, a temple and an altar, some fountains.
       Final resting place for
          you, killed by strangulation.
    Level 7:


Vanquished creatures:
  6 gnome leaders
  2 gnomish wizards
  5 dwarves
  a dwarf zombie
 an iguana
  a gas spore
  a hobbit
  2 giant rats
 19 gnomes
  a gecko
  3 jackals
  a fox
  2 kobolds
  a goblin
  3 sewer rats
  4 grid bugs
  a kobold zombie
  4 newts
58 creatures vanquished.

No species were genocided or became extinct.

Game over:
                       ----------
                      /          \
                     /    REST    \
                    /      IN      \
                   /     PEACE      \
                  /                  \
                  |   Ch3Begorrah    |
                  |       0 Au       |
                  |    killed by     |
                  |  strangulation   |
                  |                  |
                  |                  |
                  |       2026       |
                 *|     *  *  *      | *
        _________)/\\_//(\/(/\)/\//\/|_)_______

Goodbye Ch3Begorrah the Rogue...

You died in The Gnomish Mines on dungeon level 6 with 1790 points,
and 0 pieces of gold, after 1684 moves.
You were level 6 with a maximum of 42 hit points when you died.

